 Dungeon Crawl Stone Soup version 0.25-a0-35-g747a2b3c0c (webtiles) character file.

Game seed: 12704688982793153245, levelgen mode: deterministic

745 Froggeryz the Ducker (level 8, -4/46 HPs)
             Began as a Kobold Chaos Knight on Oct 18, 2019.
             Was a Plaything of Xom.
             Killed by divine providence
             ... invoked by an orc priest
              (14 damage)
             ... on level 5 of the Dungeon.
             The game lasted 00:04:10 (3457 turns).

Froggeryz the Ducker (Kobold Chaos Knight)          Turns: 3457, Time: 00:04:11

Health: -4/46      AC:  6    Str: 11    XL:     8   Next: 5%
Magic:  8/8        EV: 18    Int: 13    God:    Xom [.*....]
Gold:   253        SH:  0    Dex: 15    Spells: 7/7 levels left

rFire    . . .     SeeInvis .   h - +0 hand axe (elec)
rCold    . . .     Gourm    .   (shield restricted)
rNeg     . . .     Faith    .   b - +2 leather armour
rPois    .         Spirit   .   (no helmet)
rElec    .         Reflect  .   (no cloak)
rCorr    .         Harm     .   (no gloves)
MR       .....                  l - +0 pair of boots (curse)
Stlth    +.........             (no amulet)
HPRegen  0.15/turn              (no ring)
MPRegen  0.11/turn              (no ring)

@: no status effects
A: small, carnivore
a: Renounce Religion


You were on level 5 of the Dungeon.
You worshipped Xom.
You were a plaything of Xom.
You were full.

You visited 1 branch of the dungeon, and saw 5 of its levels.

You collected 253 gold pieces.

Inventory:

Hand Weapons
 a - a +0 mace of chaos
 h - a +0 hand axe of electrocution (weapon)
Missiles
 o - 4 curare-tipped darts (quivered)
 t - 17 sling bullets
Armour
 b - a +2 leather armour (worn)
 l - a cursed +0 pair of boots (worn)
 p - a +2 chain mail of cold resistance
Wands
 r - a wand of random effects (22)
 u - a wand of iceblast (10)
Scrolls
 d - 4 scrolls of remove curse {unknown}
 f - a scroll of amnesia {unknown}
 g - 2 scrolls of enchant armour {unknown}
 j - 2 scrolls of identify {unknown}
 k - 3 scrolls of magic mapping {unknown}
 m - 3 scrolls of teleportation {unknown}
 q - a scroll of random uselessness {unknown}
Potions
 e - 3 potions of curing
 i - a potion of mutation {unknown}
 n - 2 potions of degeneration {unknown}
 s - a potion of brilliance {unknown}
Comestibles
 c - 6 rations


   Skills:
 - Level 3.2 Fighting
 * Level 5.2(5.6) Axes
 - Level 3.3(5.0) Maces & Flails
 - Level 0.7 Armour
 + Level 6.1 Dodging


You had 7 spell levels left.
You didn't know any spells.
Your spell library contained the following spells:

 Spells                   Type           Power        Failure   Level  Hunger
 Animate Skeleton         Necr           N/A          38%         1    ##.....
 Apportation              Tloc           #.....       38%         1    ##.....
 Confusing Touch          Hex            #.....       38%         1    ##.....
 Summon Small Mammal      Summ           #...         38%         1    ##.....


Dungeon Overview and Level Annotations

Branches:
Dungeon (5/15)
 Temple: D:4-7

Altars:
Okawaru


Innate Abilities, Weirdness & Mutations

You are small and have problems with some larger weapons.
You are carnivorous and can eat meat at any time.


Message History

The orc wizard mumbles some strange words.
The orc wizard flickers and vanishes!
Deactivating autopickup; reactivate with Ctrl-A.
Unknown command.
You closely miss the orc priest.
The orc priest is almost dead.
Xom does a drum roll.
You hear an angry hiss. x2; You hear a shout! x6
The orc priest calls upon Beogh to heal the orc priest.
The orc priest mumbles some strange prayers to Beogh against you.
Pain shoots through your body!
* * * LOW HITPOINT WARNING * * *
The orc wizard gestures wildly while chanting.
The orc wizard flickers and vanishes!
You hit the orc priest.
You kill the orc priest!
You closely miss something.
The orc priest mumbles some strange prayers to Beogh against you.
Beogh smites you!
You die...

.. ... .. ...
#.#..# #....#####
..#.....###
#..).......
#.b......%>
..####.....b...#
........[@).o{..#
..####......(....
#............#
....#.b........)
##....###..####.
#.... ..# #.#..
..# ..#.. ...


You could see an orc priest.

Vanquished Creatures
  An ogre (D:3)
  A phantom (D:4)
  A scorpion (D:4)
  A howler monkey (D:4)
  2 hounds
  An orc priest (D:5)
  An orc wizard (D:4)
  Jessica (D:2)
  Terence (D:2)
  3 worker ants (D:4)
  5 adders
  5 oozes
  2 worms
  3 dart slugs
  3 leopard geckos
  10 orcs
  A ball python (D:4)
  3 giant cockroaches
  9 goblins
  8 hobgoblins
  8 jackals
  5 kobolds
  5 bats
  A frilled lizard (D:1)
  4 rats
85 creatures vanquished.

Vanquished Creatures (collateral kills)
  Sigmund (D:3)
1 creature vanquished.

Grand Total: 86 creatures vanquished

Notes
Turn   | Place    | Note
-------+----------+-------------------------------------------
     0 | D:1      | Froggeryz the Kobold Chaos Knight began the quest for the
                  | Orb.
     0 | D:1      | Reached XP level 1. HP: 14/14 MP: 1/1
     3 | D:1      | XOM: harmless Hex miscast
     5 | D:1      | XOM: harmless Hex miscast
   107 | D:1      | Reached XP level 2. HP: 15/19 MP: 2/2
   212 | D:1      | Reached skill level 3 in Dodging
   212 | D:1      | Reached XP level 3. HP: 18/23 MP: 3/3
   800 | D:2      | Noticed Terence
   807 | D:2      | Killed Terence
   807 | D:2      | Reached skill level 1 in Axes
   807 | D:2      | Reached XP level 4. HP: 24/28 MP: 4/4
  1012 | D:2      | Noticed Jessica
  1026 | D:2      | Killed Jessica
  1064 | D:2      | Reached XP level 5. HP: 22/32 MP: 5/5
  1295 | D:2      | Reached skill level 4 in Dodging
  1310 | D:2      | XOM: harmless Tmut miscast
  1367 | D:2      | Found an iron altar of Okawaru.
  1542 | D:2      | XOM: silly message
  1553 | D:2      | XOM: harmless Pois miscast
  1796 | D:3      | Noticed an ogre
  1802 | D:3      | Killed an ogre
  1802 | D:3      | Reached XP level 6. HP: 27/37 MP: 6/6
  1818 | D:3      | Noticed Sigmund
  1819 | D:3      | XOM: cast spell 'Summon Ice Beast'
  1826 | D:3      | Killed Sigmund
  2054 | D:3      | XOM: cloud trail
  2261 | D:4      | Reached skill level 5 in Dodging
  2280 | D:4      | Reached XP level 7. HP: 41/41 MP: 7/7
  2990 | D:4      | XOM: harmless Ice miscast
  3047 | D:4      | XOM: enchant monster (good)
  3051 | D:4      | Reached skill level 5 in Axes
  3254 | D:4      | XOM: noise
  3449 | D:5      | Entered Level 5 of the Dungeon
  3450 | D:5      | Reached skill level 6 in Dodging
  3450 | D:5      | Reached XP level 8. HP: 46/46 MP: 8/8
  3453 | D:5      | XOM: butterfly on damage
  3456 | D:5      | XOM: noise
  3457 | D:5      | Killed from afar by an orc priest

Levels and vault maps discovered:
D:1:      dpeg_arrival_prison, layout_basic
D:2:      cheibrodos_old_hovel, layout_loops_ring, okawaru_metal_pillars_1_2,
          uniq_jessica, uniq_terence
D:3:      lemuel_upstairs_altar, layout_basic, uniq_sigmund
D:4:      layout_loops_corners, minmay_starry_boxes
D:5:      layout_rooms, tgw_xom, gammafunk_ghost_grave, serial_shops, shop,
          shop, nicolae_shop_window_shopping, kennysheep_mini, first_ration

Skill      XL: |  1  2  3  4  5  6  7 |
---------------+----------------------+-----
Maces & Flails | 3 |  3.3
Dodging        | 3 4 5 6 |  6.1
Axes           | 1 2 3 5 |  5.2
Fighting       | |  3.2
Armour         | |  0.7

Action                   |  1- 3 |  4- 6 |  7- 9 || total
-------------------------+-------+-------+-------++-------
Melee: Mace              |    41 |       |       ||    41
       Hand axe          |    25 |   108 |    64 ||   197
Throw: Dart              |       |     6 |     1 ||     7
  Use: Potion            |       |     2 |       ||     2
 Stab: Paralysed         |     1 |       |       ||     1
  Eat: Chunk             |     6 |     4 |     4 ||    14
Armor: Leather armour    |    21 |    20 |     8 ||    49
Dodge: Dodged            |    66 |    93 |    35 ||   194

Table legend:
 A = Non-vault XP
 B = Vault XP
 C = Vault XP percentage of total XP
 D = Non-vault monster count
 E = Vault monster count
 F = Vault count percentage of total count
                 A         B        C        D         E       F
            +---------+---------+-------+---------+---------+-------
      Total |     746 |     319 |  30.0 |      78 |       8 |   9.3
            +---------+---------+-------+---------+---------+-------
        D:1 |      38 |       4 |   9.5 |      17 |       2 |  10.5
        D:2 |      64 |      78 |  54.9 |      20 |       3 |  13.0
        D:3 |     171 |     114 |  40.0 |      15 |       1 |   6.2
        D:4 |     387 |     123 |  24.1 |      24 |       2 |   7.7
        D:5 |      86 |       0 |   0.0 |       2 |       0 |   0.0
            +---------+---------+-------+---------+---------+-------
